 Dungeon Crawl Stone Soup version 0.30-a0-782-ge64f9170bb (webtiles) character file.

Game seed: 8097239221075267360

2372 cheesebisquit the Geomancer (level 9, -1/45 HPs)
             Began as a Gargoyle Earth Elementalist on Feb 18, 2023.
             Was a Believer of Vehumet.
             Slain by a human
             ... wielding a +0 war axe
              (11 damage)
             ... in a bailey.
             The game lasted 00:19:35 (7257 turns).

cheesebisquit the Geomancer (GrEE)                  Turns: 7257, Time: 00:19:35

Health: -1/45      AC: 14    Str: 12    XL:     9   Next: 45%
Magic:  14/19      EV: 11    Int: 26    God:    Vehumet [**....]
Gold:   371        SH:  0    Dex: 10    Spells: 18/22 levels left

rFire   . . .      SeeInvis .    c - +2 flail (protect)
rCold   . . .      Faith    .    (no shield)
rNeg    + + .      Spirit   .    u - +1 robe {Will+}
rPois   ∞          Reflect  .    f - +2 helmet
rElec   +          Harm     .    F - +1 cloak
rCorr   .          Rampage  .    (no gloves)
Will    +....                    (no boots)
Stlth   ++                       p - amulet of regeneration
HPRegen 1.07/turn                j - +6 ring of intelligence
MPRegen 0.16/turn                t - ring of positive energy

@: no status effects
A: sickness immunity, AC +6, negative energy resistance 1, electricity
resistance, torment resistance 1, petrification resistance
a: Renounce Religion


You were in a bailey.
You worshipped Vehumet.
Vehumet was pleased with you.
You visited 2 branches of the dungeon, and saw 8 of its levels.
You also visited: Sewer and Bailey.

You collected 371 gold pieces.

Inventory:

Hand Weapons
 c - a +2 flail of protection (weapon)
Missiles
 a - 4 atropa-tipped darts
 y - a throwing net
 z - 4 boomerangs of dispersal
 A - 10 poisoned darts
 B - a curare-tipped dart
Armour
 f - a +2 helmet (worn)
 r - a +0 kite shield
 u - a +1 robe of willpower (worn)
 F - a +1 cloak (worn)
Jewellery
 j - a +6 ring of intelligence (left hand)
 n - an amulet of faith
 p - an amulet of regeneration (around neck)
 t - a ring of positive energy (right hand)
 x - a ring of resist corrosion
Wands
 w - a wand of roots (12)
 D - a wand of quicksilver (12)
 E - a wand of flame (23)
Scrolls
 g - a scroll of torment {unknown}
 k - a scroll of acquirement {unknown}
 l - a scroll of butterflies {unknown}
 m - a scroll of noise
 q - 2 scrolls of teleportation
 C - 2 scrolls of fog
Potions
 b - a potion of magic
 d - a potion of haste
 e - 11 potions of curing
 h - 5 potions of flight
 i - 2 potions of attraction
 o - a potion of might
 s - a potion of invisibility
 v - a potion of cancellation {unknown}


   Skills:
 - Level 1.5 Dodging
 - Level 2.1 Stealth
 + Level 7.0 Spellcasting
 + Level 7.3 Conjurations
 - Level 0.7 Transmutations
 + Level 9.5 Earth Magic


You had 18 spell levels left.
You knew the following spells:

 Your Spells              Type           Power      Damage    Failure   Level
a - Sandblast             Erth           100%       2d20      1%          1
b - Stone Arrow           Conj/Erth      100%       3d13      1%          3

Your spell library contained the following spells:

 Spells                   Type           Power      Damage    Failure   Level
 Freeze                   Ice            36%        1d5       6%          1
 Kiss of Death            Conj/Necr      100%       2d13      1%          1
 Magic Dart               Conj           100%       1d8       1%          1
 Passwall                 Tmut/Erth      29%        N/A       1%          2
 Searing Ray              Conj           94%        2d7       1%          2
 Apportation              Tloc           18%        N/A       6%          1
 Necrotise                Necr           36%        1d5       6%          1
 Summon Small Mammal      Summ           36%        N/A       6%          1
 Mephitic Cloud           Conj/Pois/Air  21%        N/A       7%          3
 Petrify                  Tmut/Erth      35%        N/A       8%          4
 Call Imp                 Summ           9%         N/A       10%         2
 Fulminant Prism          Conj/Hex       14%        3d8       14%         4
 Confusing Touch          Hex            9%         N/A       19%         3
 Dispel Undead            Necr           9%         3d8       52%         4


Dungeon Overview and Level Annotations

Branches:
Dungeon (7/15)             Temple (1/1) D:4           Sewer (visited)
 Bailey (1/1)

Altars:
Ashenzari
Cheibriados
Dithmenos
Elyvilon
Gozag
Kikubaaqudgha
Nemelex Xobeh
Okawaru
Ru
Sif Muna
Trog
Uskayaw
Vehumet
Wu Jian
Xom
Zin
The Shining One

Shops:
D:2 [


Innate Abilities, Weirdness & Mutations

You are immune to sickness and miasma.
Your stone body is resilient. (AC +6)
You are immune to poison.
You resist negative energy. (rN+)
You are resistant to electric shocks. (rElec)
You are resistant to unholy torment.
You are immune to petrification.


Message History

Magic restored.
You open the door.
A human, a gnoll and a goblin come into view.
The human is wielding a +0 heavy hand axe.
The human shouts!
You hear a shout! x2
The blast of sand hits the goblin.
You kill the goblin!
Vehumet accepts your kill.
You feel your power returning.
The blast of sand hits the gnoll!!
You kill the gnoll!
Vehumet accepts your kill.
A human comes into view. It is wielding a +0 war axe.
The blast of sand hits the human.
The human is lightly wounded.
The blast of sand hits the human but does no damage.
The human is lightly wounded.
A goblin comes into view. It is wielding a +0 hand axe.
The human hits you with a +0 heavy hand axe.
The human barely misses you.
The blast of sand hits the human.
The human is lightly wounded.
The goblin shouts!
The human hits you with a +0 heavy hand axe.
The human barely misses you.
The blast of sand hits the human.
The human is moderately wounded.
The human hits you with a +0 war axe! The human hits you but does no damage.
The human hits you with a +0 war axe.
The blast of sand hits the human but does no damage.
The human is moderately wounded.
The human hits you with a +0 heavy hand axe.
The human hits you with a +0 war axe. The human barely misses you.
You are too injured to fight recklessly!
The human attacks as you move away!
The human hits you with a +0 heavy hand axe.
* * * LOW HITPOINT WARNING * * *
The human attacks as you move away! The human hits you with a +0 war axe!
You die...

..#
##..#
#...#
#...#
#...
#).
#+#g#
##.pp##
#...@.#
#.∩.∩.#
#.....#
##...##
#####


You could see 2 humans and a goblin.

Vanquished Creatures
  Grinder (D:6)
  Menkaure (D:4)
  2 sky beasts (D:7)
  3 ice beasts
  3 black bears
  A phantom (D:5)
  3 kobold brigands
  Blork the orc (D:5)
  A gnoll sergeant (D:7)
  2 scorpions
  A necrophage (D:6)
  A crimson imp (D:4)
  A gnoll bouda (D:5)
  Crazy Yiuf (D:6)
  3 hounds
  An iguana (D:7)
  7 orc wizards
  7 adders
  13 gnolls
  A river rat (Sewer)
  3 shadow imps
  A white imp (D:6)
  4 worms
  2 dart slugs
  21 orcs
  8 endoplasms
  8 giant cockroaches
  8 goblins
  6 hobgoblins
  5 jackals
  6 kobolds
  4 quokkas
  6 ball pythons
  4 bats
  A frilled lizard (D:1)
  A goblin skeleton (D:4)
  A goblin zombie (D:4)
  2 hobgoblin zombies (D:4)
  A kobold skeleton (D:4)
  A kobold zombie (D:4)
  2 orc skeletons (D:4)
  2 orc zombies (D:4)
  5 rats
156 creatures vanquished.

Vanquished Creatures (others)
  10 fungi (D:5)
10 creatures vanquished.

Grand Total: 166 creatures vanquished

Notes
Turn   | Place    | Note
-------+----------+-------------------------------------------
     0 | D:1      | cheesebisquit the Gargoyle Earth Elementalist began the
                  | quest for the Orb.
     0 | D:1      | Reached XP level 1. HP: 10/10 MP: 3/3
   244 | D:1      | Reached XP level 2. HP: 15/15 MP: 3/5
   250 | D:1      | Reached skill level 4 in Earth Magic
   602 | D:1      | Found a faded altar of an unknown god.
  1124 | D:2      | Reached XP level 3. HP: 19/19 MP: 1/6
  1264 | D:2      | Found Puysmuu's Antique Armour Shoppe.
  2002 | D:3      | Learned a level 3 spell: Stone Arrow
  2023 | D:3      | Reached XP level 4. HP: 24/24 MP: 5/8
  2399 | D:4      | Reached skill level 1 in Conjurations
  2399 | D:4      | Reached skill level 5 in Earth Magic
  2538 | D:4      | Reached XP level 5. HP: 28/28 MP: 0/10
  2650 | D:4      | Found a glowing golden altar of the Shining One.
  2820 | D:4      | Found a staircase to the Ecumenical Temple.
  2842 | Temple   | Entered the Ecumenical Temple
  3011 | Temple   | Became a worshipper of Vehumet
  3101 | D:4      | Found an ancient bone altar of Kikubaaqudgha.
  3102 | D:4      | Found a shadowy altar of Dithmenos.
  3341 | D:4      | Noticed Menkaure
  3344 | D:4      | Killed Menkaure
  3345 | D:4      | Reached skill level 6 in Earth Magic
  3345 | D:4      | Reached XP level 6. HP: 30/32 MP: 7/12
  3510 | D:5      | Entered Level 5 of the Dungeon
  3526 | D:5      | Noticed Blork the orc
  3529 | D:5      | Killed Blork the orc
  3622 | D:5      | Found a hide-covered altar of Uskayaw.
  3732 | D:5      | Noticed an ice beast
  3737 | D:5      | Killed an ice beast
  3738 | D:5      | Reached XP level 7. HP: 20/36 MP: 8/13
  4046 | D:5      | Reached skill level 7 in Earth Magic
  4663 | D:5      | Reached skill level 5 in Spellcasting
  4752 | D:5      | Found a hide-covered altar of Uskayaw.
  5542 | D:6      | Reached XP level 8. HP: 41/41 MP: 13/15
  5552 | D:6      | Reached * piety under Vehumet
  5552 | D:6      | Offered knowledge of Shock by Vehumet.
  5571 | D:6      | Found a glowing drain.
  5580 | Sewer    | Entered a sewer
  5659 | Sewer    | Reached skill level 5 in Conjurations
  5738 | Sewer    | Found a white marble altar of Elyvilon.
  5946 | D:6      | Reached skill level 8 in Earth Magic
  6133 | D:6      | Noticed Grinder
  6136 | D:6      | Paralysed by Grinder for 2 turns
  6140 | D:6      | Killed Grinder
  6219 | D:6      | Found an ornate altar of the Wu Jian Council.
  6340 | D:6      | Found a runed translucent door.
  6341 | D:6      | Noticed Crazy Yiuf
  6410 | D:6      | Reached XP level 9. HP: 45/45 MP: 16/18
  6461 | D:6      | Reached ** piety under Vehumet
  6461 | D:6      | Offered knowledge of Freeze by Vehumet.
  6669 | D:6      | Killed Crazy Yiuf
  6852 | D:7      | Reached skill level 9 in Earth Magic
  7033 | D:7      | Found a flagged portal.
  7234 | Bailey   | Entered a bailey
  7257 | Bailey   | Slain by a human

Illustrated notes

Levels and vault maps discovered:
D:1:      sevenhm_arrival_forest_fort_large_2, layout_basic,
          hellmonk_ecumenical_altar_run_dry
D:2:      layout_loops_ring, serial_shops, shop
D:3:      layout_rooms, serial_glass, glass_columns_a, glass_columns_b,
          glass_columns_b, glass_columns_c, glass_columns_a, glass_columns_b
D:4:      layout_rooms, nicolae_tso_besieged_by_evil,
          mainiacjoe_overflow_catwalk_spiral, minmay_temple_entry_mist,
          uniq_menkaure
D:5:      layout_loops_ring, kennysheep_mini_moat, serial_aquarium,
          aquarium_bridge_long_separate [aquarium_subvault_bridge,
          aquarium_subvault_bridge, aquarium_subvault_balcony,
          aquarium_subvault_wall, aquarium_subvault_bridge,
          aquarium_subvault_window], aquarium_bridge_straight
          [aquarium_subvault_bridge, aquarium_subvault_window,
          aquarium_subvault_bridge, aquarium_subvault_wall], aquarium_window_2,
          aquarium_window_corner, aquarium_window_1, aquarium_view_2c,
          dk_noncrumbling_2, uniq_blork_the_orc
D:6:      layout_loops_cross, nzn_wu_jian_council_hall, gup_sewer_entry_pipe,
          minmay_fractal_squares_diagonal_5, uniq_crazy_yiuf_cottage,
          uniq_grinder
D:7:      layout_rooms, enter_bailey_2
Temple:   nicolae_temple_bog_church
Bailey:   bailey_axe_froggy_fort_hellmonk, bailey

Skill      XL: |  1  2  3  4  5  6  7  8  9 |
---------------+----------------------------+-----
Earth Magic    | 4 5 6 7 8 9 |  9.5
Spellcasting   | 3 4 5 6 7 |  7.0
Conjurations   | 1 3 4 6 7 |  7.3
Dodging        | |  1.5
Stealth        | |  2.1
Transmutations | |  0.7

Action                     |  1- 3 |  4- 6 |  7- 9 || total
---------------------------+-------+-------+-------++-------
  Melee: Dagger            |       |     7 |       ||     7
         Punch             |       |     1 |       ||     1
   Cast: Sandblast         |    46 |    62 |   132 ||   240
    Use: Scroll            |       |     4 |    12 ||    16
 Armour: Robe              |     3 |    13 |    25 ||    41
  Dodge: Dodged            |     2 |    16 |    23 ||    41

Table legend: (Time is in decaauts)
 A = Elapsed time spent in this place.
 B = Non-inter-level travel time spent in this place.
 C = Inter-level travel time spent in this place.
 D = Time resting spent in this place.
 E = Time spent auto-exploring this place.
 F = Levels seen in this place.
 G = Mean time per level.
                   A        B        C        D        E       F      G
               +--------+--------+--------+--------+--------+-----+--------+
         Total |   7422 |   7225 |    197 |     29 |   6263 |  10 |  742.2 |
       Dungeon |   6933 |   6771 |    162 |     29 |   5882 |   7 |  990.4 |
        Temple |    194 |    159 |     35 |      0 |    146 |   1 |  194.0 |
         Sewer |    267 |    267 |      0 |      0 |    221 |   1 |  267.0 |
        Bailey |     26 |     26 |      0 |      0 |     13 |   1 |   26.0 |
               +--------+--------+--------+--------+--------+-----+--------+

Top non-repeatable levels by time:
     D:5: 1839 daAuts
     D:6: 1193 daAuts
     D:1: 971 daAuts
     D:4: 964 daAuts
     D:2: 916 daAuts
     D:7: 526 daAuts
     D:3: 522 daAuts
   Sewer: 267 daAuts
  Temple: 194 daAuts
  Bailey: 26 daAuts
